 Dungeon Crawl Stone Soup version 0.19.0-9-gfd783f2 (webtiles) character file.

44 Jerry the Covered (level 3, 18/21 HPs)
             Began as a Gargoyle Warper on Nov 7, 2016.
             Was an Initiate of Zin.
             Quit the game on level 2 of the Dungeon.
             The game lasted 00:06:20 (1398 turns).

Jerry the Covered (Gargoyle Warper)                 Turns: 1398, Time: 00:06:21

Health: 18/21      AC:  6    Str: 14    XL:     3   Next: 62%
Magic:  6/6        EV: 11    Int: 13    God:    Zin [......]
Gold:   32         SH:  0    Dex: 10    Spells: 1 memorised, 4 levels left

rFire  . . .     SeeInvis .     a - +0 mace
rCold  . . .     Gourm    .     b - +0 leather armour
rNeg   + . .     Faith    +     (no shield)
rPois  ∞         Spirit   .     (no helmet)
rElec  +         Reflect  .     (no cloak)
rCorr  .         Harm     .     (no gloves)
MR     .....                    (no boots)
Stlth  +.........               j - amulet of faith
                                (no ring)
                                (no ring)

@: no status effects
A: negative energy resistance 1, electricity resistance, unbreathing,
petrification resistance, rot immunity, AC +3
a: Donate Gold, Renounce Religion


You were on level 2 of the Dungeon.
You worshipped Zin.
Zin was noncommittal.
You were not hungry.

You visited 1 branch of the dungeon, and saw 2 of its levels.

You collected 35 gold pieces.
You donated 3 gold pieces to Zin.

Inventory:

Hand Weapons
 a - a +0 mace (weapon)
Missiles
 e - 5 tomahawks of dispersal (quivered)
 m - 7 tomahawks
Armour
 b - a +0 leather armour (worn)
 p - a cursed +0 leather armour
Jewellery
 j - an amulet of faith (around neck)
Scrolls
 d - a scroll of blinking
 h - a scroll of enchant armour {unknown}
 i - 4 scrolls of remove curse {unknown}
 l - a scroll of identify {unknown}
 q - a scroll of teleportation {unknown}
Potions
 k - a potion of flight {unknown}
 r - a potion of degeneration {unknown}
Books
 c - a book of Spatial Translocations

   Spells                             Type                      Level
   a - Blink                          Translocation                2
   b - Shroud of Golubria             Charms/Translocation         2
   c - Lesser Beckoning               Translocation                3
   d - Portal Projectile              Translocation                3
   e - Teleport Other                 Translocation                3
   f - Passage of Golubria            Translocation                4
Comestibles
 f - a bread ration
 g - 4 fruits
 n - a meat ration


   Skills:
 - Level 2.1 Fighting
 + Level 2.9 Maces & Flails
 - Level 0.8 Throwing
 + Level 2.9 Armour
 - Level 1.5 Dodging
 - Level 2.0 Spellcasting
 - Level 2.6 Translocations


You had 4 spell levels left.
You knew the following spells:

 Your Spells              Type           Power        Failure   Level  Hunger
a - Blink                 Tloc           N/A          17%         2    ###....


Dungeon Overview and Level Annotations

Branches:
Dungeon (2/15)

Altars:
Zin

Shops:
D:2 *


Innate Abilities, Weirdness & Mutations

You are resistant to torment.
Your stone body is resilient. (AC +3)
You are immune to poison.
You resist negative energy. (rN+)
You are resistant to electric shocks. (rElec)
You can survive without breathing.
You are immune to petrification.
You are immune to rotting.


Message History

The kobold is moderately wounded.
The kobold hits you but does no damage.
You hit the kobold.
You kill the kobold!
No target in view!
No target in view!
(D) Dungeon
Where to? (Enter - D:2, ? - help)
Okay, then.
Search for what [Enter for "."]? zun Can't find anything matching that.
Search for what [Enter for "zun", or ? for help]? zin
Things that are here:
a club; a hobgoblin corpse
There is a glowing silver altar of Zin here.
You kneel at the altar of Zin.
Zin welcomes you!
You pay a tithe of 3 gold.
Your amulet flashes!
You can now donate money to Zin.
Are you sure you want to abandon this character and quit the game? (Confirm with "yes".)

##.### #.## #...###......>....#
#..# #.######...###.......##.##
..######........#..##..........#
###.......########........(....#
....................#..........#
..######.##.#..#...............#
### ##.##......#....#.##.###.#
#..##.....###..##.##.# #.#
#.###..∩..@⌠#.....##.# #.# #.#
#.....###..##.##)# #.#
#.####...÷.#...#..##)# #.#
#######............#...###.# #.#
.....####.##...............# #.#
.....##......#...........).###.##
.....##.##.##............†..##..(
..(..##....##...............#....
.....)..#####...................)


There were no monsters in sight!

Vanquished Creatures
  A worm (D:2)
  2 leopard geckos (D:1)
  2 ball pythons
  6 bats
  6 hobgoblins
  7 kobolds
  A quokka (D:2)
  A frilled lizard (D:1)
  3 goblins (D:1)
  10 rats
39 creatures vanquished.

Notes
Turn   | Place    | Note
-------+----------+-------------------------------------------
     0 | D:1      | Jerry the Gargoyle Warper began the quest for the Orb.
     0 | D:1      | Reached XP level 1. HP: 12/12 MP: 3/3
   342 | D:1      | Reached XP level 2. HP: 17/17 MP: 5/5
   347 | D:1      | Learned a level 2 spell: Blink
   959 | D:2      | Reached XP level 3. HP: 17/21 MP: 6/6
  1049 | D:2      | Found a glowing silver altar of Zin.
  1058 | D:2      | Found Zin's Purification Station.
  1397 | D:2      | Became a worshipper of Zin the Law-Giver
  1398 | D:2      | Quit the game

Skill      XL: |  1  2 |
---------------+-------+-----
Armour         | 2 |  2.9
Fighting       | |  2.1
Maces & Flails | |  2.9
Throwing       | |  0.8
Dodging        | |  1.5
Spellcasting   | |  2.0
Translocations | |  2.6

Action                   || total
-------------------------++-------
Melee: Mace              ||   132
  Eat: Chunk             ||     2
Armor: Leather armour    ||    65
Dodge: Dodged            ||    73
